 Dungeon Crawl Stone Soup version 0.31-a0-574-g69dc8cc98e (webtiles) character file.

Game seed: 11845560226098137124

49 Zonian the Sneak (level 3, 0/21 HPs)
             Began as an Octopode Hedge Wizard on Aug 19, 2023.
             Slain by an orc wizard
             ... wielding a +0 dagger
              (1 damage)
             ... on level 3 of the Dungeon.
             The game lasted 00:03:56 (1725 turns).

Zonian the Sneak (Octopode Hedge Wizard)            Turns: 1725, Time: 00:03:58

Health: 0/21       AC:  2    Str:  9    XL:     3   Next: 77%
Magic:  5/7        EV: 12    Int: 18    God:
Gold:   91         SH:  3    Dex: 11    Spells: 5/8 levels left

rFire   . . .        g - +2 short sword (flame)
rCold   . . .        i - +0 buckler
rNeg    . . .        b - +1 hat
rPois   .            (no amulet)
rElec   .            (no ring)
rCorr   .            (no ring)
SInv    .            (no ring)
Will    .....        (no ring)
Stlth   +++          (no ring)
HPRegen 0.23/turn    (no ring)
MPRegen 0.10/turn    (no ring)
                     (no ring)

%: no passive effects
@: brilliant, attractive
A: almost no armour, amphibious, 8 rings, camouflage 1, gelatinous body 1,
(nimble swimmer 1), tentacles
a: no special abilities


You were on level 3 of the Dungeon.
You visited 1 branch of the dungeon, and saw 3 of its levels.

You collected 91 gold pieces.

Inventory:

Hand Weapons
 a - a +0 dagger
 d - a +0 sling
 g - a +2 short sword of flaming (weapon)
Missiles
 f - 6 datura-tipped darts
 o - 5 poisoned darts
Armour
 b - a +1 hat (worn)
 i - a +0 buckler (worn)
Scrolls
 k - 2 scrolls of enchant weapon
 l - a scroll of enchant armour
Potions
 c - a potion of magic


   Skills:
 + Level 2.3 Dodging
 + Level 3.3 Stealth
 + Level 3.2 Spellcasting
 + Level 1.6 Conjurations
 + Level 1.5 Summonings
 + Level 1.6 Translocations


You had 5 spell levels left.
You knew the following spells:

 Your Spells              Type           Power      Damage    Failure   Level
a - Magic Dart            Conj           52%        1d5       12%         1
b - Blink                 Tloc           26%        N/A       19%         2

Your spell library contained the following spells:

 Spells                   Type           Power      Damage    Failure   Level
 Call Imp                 Summ           24%        N/A       21%         2
 Slow                     Hex            16%        N/A       26%         1
 Cigotuvi's Dreadful Rot  Necr/Pois/Air  8%         N/A       36%         2
 Mephitic Cloud           Conj/Pois/Air  7%         N/A       52%         3


Dungeon Overview and Level Annotations

Branches:
Dungeon (3/15)

Altars:


Innate Abilities, Weirdness & Mutations

You cannot wear most types of armour.
You are amphibious.
You can wear up to eight rings at the same time.
Your skin changes colour to match your surroundings (Stealth+).
Your rubbery body absorbs attacks. (AC +1, EV +1)
((You are camouflaged when in or above water. (Stealth+)))
You have tentacles for arms and can constrict up to eight enemies at once.


Message History

You bump into the rock wall.
You feel less confused.
You hear some strange, mumbled words.
Something tries to affect you, but you resist.
You miss something. Your squeeze misses something. Something hits you.
* * * LOW HITPOINT WARNING * * *
You barely miss something. Your squeeze misses something.
Something hits you but does no damage.
You hit something but do no damage. Something hits you.
* * * LOW HITPOINT WARNING * * *
You barely miss something. Something hits you.
* * * LOW HITPOINT WARNING * * *
Okay, then.
Casting: Magic Dart (safe; 12% risk of failure)
Confirm with . or Enter, or press ? or * to list all spells.
You don't know that spell.
Casting: Magic Dart (safe; 12% risk of failure)
Confirm with . or Enter, or press ? or * to list all spells.
You don't know that spell.
Casting: Magic Dart (safe; 12% risk of failure)
Confirm with . or Enter, or press ? or * to list all spells.
Aiming: Magic Dart (safe; 12% risk of failure)
Press: ? - help, Shift-Dir - straight line You feel a surge of power!
The magic dart hits something but does no damage.
Something hits you.
* * * LOW HITPOINT WARNING * * *
The orc is attracted toward you.
Casting: Magic Dart (safe; 12% risk of failure)
Confirm with . or Enter, or press ? or * to list all spells.
Okay, then.
Casting: Magic Dart (safe; 12% risk of failure)
Confirm with . or Enter, or press ? or * to list all spells.
Aiming: Magic Dart (safe; 12% risk of failure)
Press: ? - help, Shift-Dir - straight line You feel a surge of power!
The magic dart hits something but does no damage.
The orc shouts!
You hear a shout!
Something hits you.
You die...

. # ##.#.# ## .. .
#....###.#.#
..##.#..........#
#...#.##...#.....#
###.#§#.#.##§##
##.#
....>.o)#.....#
#.#
........o.....#
#.#
#######.####..#
#.# #@{.# #..# #.#
##### #.## #.# #.#
#.# #.# #†# #.#
#.# ##.#####.#
#........#
#####.#### #.#


You could see an orc.

Vanquished Creatures
  2 adders (D:2)
  A worm (D:2)
  An orc (D:3)
  2 giant cockroaches
  2 goblins (D:1)
  4 hobgoblins
  3 jackals (D:1)
  A quokka (D:2)
  A ball python (D:1)
  3 bats
  3 frilled lizards
  A kobold (D:1)
  4 rats
28 creatures vanquished.

Notes
Turn   | Place    | Note
-------+----------+-------------------------------------------
     0 | D:1      | Zonian the Octopode Hedge Wizard began the quest for the
                  | Orb.
     0 | D:1      | Reached XP level 1. HP: 11/11 MP: 4/4
   153 | D:1      | Reached XP level 2. HP: 17/17 MP: 4/6
  1017 | D:2      | Reached XP level 3. HP: 20/21 MP: 7/7
  1020 | D:2      | Learned a level 2 spell: Blink
  1724 | D:3      | HP: 1/21 [something (2)]
  1725 | D:3      | Slain by an orc wizard

Illustrated notes

Levels and vault maps discovered:
D:1:      minmay_arrival_loop, layout_rooms, serial_rivers,
          chequers_serial_rivers_marsh, chequers_serial_rivers_micro_a,
          chequers_serial_rivers_micro_a, chequers_serial_rivers_micro_e,
          chequers_serial_rivers_small_a, nicolae_twisty_statue_hallways
D:2:      layout_loops_cross
D:3:      layout_basic, portal_sewer_entry_e, uniq_ijyb, uniq_jessica

Skill      XL: |  1  2 |
---------------+-------+-----
Stealth        | 3 |  3.3
Dodging        | |  2.3
Spellcasting   | |  3.2
Conjurations   | |  1.6
Summonings     | |  1.5
Translocations | |  1.6

Action                     || total
---------------------------++-------
  Melee: Dagger            ||     6
         Constrict         ||    13
         Tentacles         ||     8
         Short sword       ||    47
         Punch             ||     1
   Cast: Magic Dart        ||    28
    Use: Scroll            ||     4
         Potion            ||     3
   Stab: Sleeping          ||     5
 Armour: Skin              ||     6
  Dodge: Dodged            ||    25
  Block: Buckler           ||     1

Table legend: (Time is in decaauts)
 A = Elapsed time spent in this place.
 B = Non-inter-level travel time spent in this place.
 C = Inter-level travel time spent in this place.
 D = Time resting spent in this place.
 E = Time spent auto-exploring this place.
 F = Levels seen in this place.
 G = Mean time per level.
                   A        B        C        D        E       F      G
               +--------+--------+--------+--------+--------+-----+--------+
         Total |   1727 |   1651 |     76 |     58 |   1306 |   3 |  575.7 |
       Dungeon |   1727 |   1651 |     76 |     58 |   1306 |   3 |  575.7 |
               +--------+--------+--------+--------+--------+-----+--------+

Top non-repeatable levels by time:
     D:2: 949 daAuts
     D:1: 705 daAuts
     D:3: 72 daAuts
